 Dungeon Crawl Stone Soup version 0.31-a0-948-gf5be29c462 (webtiles) character file.

Game seed: 17002516521030499392

54 Mgcat the Digger (level 4, -1/33 HPs)
             Began as a Meteoran Earth Elementalist on Oct 21, 2023.
             Slain by Terence
             ... wielding a +0 mace
              (7 damage)
             ... on level 3 of the Dungeon.
             The game lasted 00:01:56 (1063 turns).

Mgcat the Digger (Meteoran Earth Elementalist)      Turns: 1063, Time: 00:01:57

Health: -1/33      AC:  8    Str:  9    XL:     4   Next: 34%
Magic:  3/11       EV: 12    Int: 18    God:
Gold:   143        SH:  0    Dex: 15    Spells: 7/11 levels left

rFire   . . .        k - staff of conjuration {!a}
rCold   . . .        (no shield)
rNeg    . . .        a - +0 robe
rPois   .            h - +2 helmet
rElec   .            l - +0 cloak
rCorr   .            (no gloves)
SInv    .            m - +1 pair of boots
Will    .....        (no amulet)
Stlth   +            (no ring)
HPRegen 0.25/turn    (no ring)
MPRegen 0.12/turn

%: no passive effects
@: glowing
A: sense surroundings 1, otherworldly, glowing, explore regen
a: no special abilities


You were on level 3 of the Dungeon.
You visited 1 branch of the dungeon, and saw 3 of its levels.

You collected 143 gold pieces.

Inventory:

Hand Weapons
 e - a +0 dagger
   (You found it on level 1 of the Dungeon)
Armour
 a - a +0 robe (worn)
 h - a +2 helmet (worn)
   (You found it on level 1 of the Dungeon)
 l - a +0 cloak (worn)
   (You found it on level 2 of the Dungeon)
 m - a +1 pair of boots (worn)
   (You found it on level 2 of the Dungeon)
Magical Staves
 k - a staff of conjuration (weapon) {!a}
   (You found it on level 2 of the Dungeon)
Jewellery
 i - a ring of resist corrosion
   (You found it on level 1 of the Dungeon)
Scrolls
 c - 2 scrolls of identify {unknown}
 f - a scroll of vulnerability {unknown}
 j - a scroll of fear {unknown}
Potions
 b - 2 potions of magic
 d - a potion of brilliance {unknown}
 g - a potion of mutation {unknown}


   Skills:
 - Level 2.1 Dodging
 - Level 1.4 Stealth
 + Level 4.0 Spellcasting
 - Level 1.2 Transmutations
 + Level 4.7 Earth Magic


You had 7 spell levels left.
You knew the following spells:

 Your Spells              Type           Power      Damage    Failure   Level
a - Sandblast             Erth           40%        2d10      1%          1
b - Stone Arrow           Conj/Erth      36%        3d9       17%         3

Your spell library contained the following spells:

 Spells                   Type           Power      Damage    Failure   Level
 Passwall                 Tmut/Erth      11%        N/A       6%          2
 Petrify                  Tmut/Erth      14%        N/A       38%         4
 Brom's Barrelling Bould  Conj/Erth      18%        2d4       50%         4


Dungeon Overview and Level Annotations

Branches:
Dungeon (3/15) Zot: 709

Altars:

Annotations:
D:3 Terence


Innate Abilities, Weirdness & Mutations

You passively map a small area around you.
You are easily found by Zot.
You glow in the dark.
You regain HP and MP as you explore.


Message History

Casting: Stone Arrow (quite dangerous; 17% risk of failure)
Confirm with . or Enter, or press ? or * to list all spells.
Aiming: Sandblast (safe; 1% risk of failure)
Press: ? - help, Shift-Dir - straight line, f/p - Terence
Aim: Terence, wielding a +0 mace and wearing a +0 chain mail (lightly wounded, 87% to hit)
The blast of sand hits Terence but does no damage.
Terence is lightly wounded.
Terence hits you with a +0 mace. Terence closely misses you.
You take 5 damage, and have 22/33 hp.
You now have 7/11 mp.
Terence attacks as he pursues you! Terence hits you with a +0 mace.
There is a stone staircase leading up here.
You take 3 damage, and have 22/33 hp.
Casting: Sandblast (safe; 1% risk of failure)
Confirm with . or Enter, or press ? or * to list all spells.
Aiming: Sandblast (safe; 1% risk of failure)
Press: ? - help, Shift-Dir - straight line, f/p - Terence
Aim: Terence, wielding a +0 mace and wearing a +0 chain mail (lightly wounded, 87% to hit)
The blast of sand hits Terence but does no damage.
Terence is lightly wounded.
Terence misses you.
Casting: Sandblast (safe; 1% risk of failure)
Confirm with . or Enter, or press ? or * to list all spells.
Aiming: Sandblast (safe; 1% risk of failure)
Press: ? - help, Shift-Dir - straight line, f/p - Terence
Aim: Terence, wielding a +0 mace and wearing a +0 chain mail (lightly wounded, 87% to hit)
The blast of sand hits Terence.
Terence is moderately wounded.
Terence misses you. Terence hits you with a +0 mace.
You take 1 damage, and have 21/33 hp.
You now have 9/11 mp.
Casting: Sandblast (safe; 1% risk of failure)
Confirm with . or Enter, or press ? or * to list all spells.
Aiming: Sandblast (safe; 1% risk of failure)
Press: ? - help, Shift-Dir - straight line, f/p - Terence
Aim: Terence, wielding a +0 mace and wearing a +0 chain mail (moderately wounded, 87% to hit)
The blast of sand hits Terence but does no damage.
Terence is moderately wounded.
Terence hits you but does no damage. The endoplasm freezes you.
You are frozen.
You take 2 damage, and have 19/33 hp.
You now have 8/11 mp.
Casting: Sandblast (safe; 1% risk of failure)
Confirm with . or Enter, or press ? or * to list all spells.
Aiming: Sandblast (safe; 1% risk of failure)
Press: ? - help, Shift-Dir - straight line, f/p - Terence
Aim: Terence, wielding a +0 mace and wearing a +0 chain mail (moderately wounded, 87% to hit)
The blast of sand hits Terence but does no damage.
Terence is moderately wounded.
Terence barely misses you. The endoplasm freezes you.
You are frozen.
Terence closely misses you. The endoplasm freezes you.
You are frozen.
You take 3 damage, and have 16/33 hp.
You now have 7/11 mp.
Casting: Sandblast (safe; 1% risk of failure)
Confirm with . or Enter, or press ? or * to list all spells.
Aiming: Sandblast (safe; 1% risk of failure)
Press: ? - help, Shift-Dir - straight line, f/p - Terence
Aim: Terence, wielding a +0 mace and wearing a +0 chain mail (moderately wounded, 87% to hit)
The blast of sand hits Terence but does no damage.
Terence is moderately wounded.
Terence closely misses you.
You now have 6/11 mp.
Casting: Sandblast (safe; 1% risk of failure)
Confirm with . or Enter, or press ? or * to list all spells.
Aiming: Sandblast (safe; 1% risk of failure)
Press: ? - help, Shift-Dir - straight line, f/p - Terence
Aim: Terence, wielding a +0 mace and wearing a +0 chain mail (moderately wounded, 87% to hit)
The blast of sand misses Terence.
Terence closely misses you. Terence hits you with a +0 mace.
You take 1 damage, and have 16/33 hp.
Casting: Sandblast (safe; 1% risk of failure)
Confirm with . or Enter, or press ? or * to list all spells.
Aiming: Sandblast (safe; 1% risk of failure)
Press: ? - help, Shift-Dir - straight line, f/p - Terence
Aim: Terence, wielding a +0 mace and wearing a +0 chain mail (moderately wounded, 87% to hit)
The blast of sand misses Terence.
Terence shouts, "Now you die!" Terence hits you with a +0 mace!
You take 6 damage, and have 10/33 hp.
You now have 5/11 mp.
Casting: Sandblast (safe; 1% risk of failure)
Confirm with . or Enter, or press ? or * to list all spells.
Aiming: Sandblast (safe; 1% risk of failure)
Press: ? - help, Shift-Dir - straight line, f/p - Terence
Aim: Terence, wielding a +0 mace and wearing a +0 chain mail (moderately wounded, 87% to hit)
The blast of sand hits Terence!
Terence is severely wounded.
Terence hits you with a +0 mace.
* * * LOW HITPOINT WARNING * * *
Terence hits you with a +0 mace.
* * * LOW HITPOINT WARNING * * *
You take 4 damage, and have 6/33 hp.
You now have 4/11 mp.
Casting: Sandblast (safe; 1% risk of failure)
Confirm with . or Enter, or press ? or * to list all spells.
Aiming: Sandblast (safe; 1% risk of failure)
Press: ? - help, Shift-Dir - straight line, f/p - Terence
Aim: Terence, wielding a +0 mace and wearing a +0 chain mail (severely wounded, 87% to hit)
The blast of sand hits Terence.
Terence is severely wounded.
Terence hits you with a +0 mace!
You die...

#.###.. ##...## ,
#.....###......# , *
#..##.J#..# *
#....##.##....# *
*,#.#####.##.###
.....
#..........#..#,#.#.
* ##†...J.....# # ,
#..###@###### * ,
,..# #@# , , * . #.#
, , * ,* #†. * , , ,
##.# * ,, * ,* , *
*.#* ,* .# * * * , ,
.# , ** * ..* * , *


You could see Terence and an endoplasm.

Vanquished Creatures
  2 adders (D:2)
  A worm (D:2)
  2 dart slugs
  5 ball pythons
  4 goblins
  3 hobgoblins (D:1)
  A quokka (D:3)
  5 bats
  4 frilled lizards
  2 kobolds
29 creatures vanquished.

Notes
Turn   | Place    | Note
-------+----------+-------------------------------------------
     0 | D:1      | Mgcat the Meteoran Earth Elementalist began the quest for
                  | the Orb.
     0 | D:1      | Reached XP level 1. HP: 14/14 MP: 5/5
    90 | D:1      | Reached skill level 3 in Spellcasting
    90 | D:1      | Reached XP level 2. HP: 20/20 MP: 5/7
   226 | D:1      | Reached skill level 4 in Earth Magic
   343 | D:1      | Found a faded altar of an unknown god.
   470 | D:1      | Reached XP level 3. HP: 25/26 MP: 5/8
   489 | D:1      | Glimpsed the power of Zot.
   611 | D:2      | Learned a level 3 spell: Stone Arrow
   844 | D:2      | Reached skill level 4 in Spellcasting
   844 | D:2      | Reached XP level 4. HP: 33/33 MP: 9/11
  1039 | D:3      | Noticed Terence
  1062 | D:3      | HP: 7/33 [Terence/+0 mace (3)]
  1063 | D:3      | Slain by Terence

Illustrated notes

Levels and vault maps discovered:
D:1:      lemuel_arrival_muddy, layout_basic,
          shapermc_ecumenical_altar_mp_vishouse
D:2:      layout_loops_ring
D:3:      layout_loops_ring, minivault_24, st_stairs_4, minmay_misc_feat_rows,
          minmay_misc_feat_four_crosses, uniq_terence

Skill      XL: |  1  2  3 |
---------------+----------+-----
Spellcasting   | 3 4 |  4.0
Earth Magic    | 4 |  4.7
Dodging        | |  2.1
Stealth        | |  1.4
Transmutations | |  1.2

Action                     |  1- 3 |  4- 6 || total
---------------------------+-------+-------++-------
   Cast: Sandblast         |    38 |    17 ||    55
 Armour: Robe              |     6 |    10 ||    16
  Dodge: Dodged            |     8 |     8 ||    16

Table legend: (Time is in decaauts)
 A = Elapsed time spent in this place.
 B = Non-inter-level travel time spent in this place.
 C = Inter-level travel time spent in this place.
 D = Time resting spent in this place.
 E = Time spent auto-exploring this place.
 F = Levels seen in this place.
 G = Mean time per level.
                   A        B        C        D        E       F      G
               +--------+--------+--------+--------+--------+-----+--------+
         Total |   1089 |   1062 |     27 |      0 |    860 |   3 |  363.0 |
       Dungeon |   1089 |   1062 |     27 |      0 |    860 |   3 |  363.0 |
               +--------+--------+--------+--------+--------+-----+--------+

Top non-repeatable levels by time:
     D:2: 529 daAuts
     D:1: 515 daAuts
     D:3: 43 daAuts

Levels and vault maps discovered:
D:1:      lemuel_arrival_muddy, layout_basic,
          shapermc_ecumenical_altar_mp_vishouse
D:2:      layout_loops_ring
D:3:      layout_loops_ring, minivault_24, st_stairs_4, minmay_misc_feat_rows,
          minmay_misc_feat_four_crosses, uniq_terence

Table legend: (Time is in decaauts)
 A = Elapsed time spent in this place.
 B = Non-inter-level travel time spent in this place.
 C = Inter-level travel time spent in this place.
 D = Time resting spent in this place.
 E = Time spent auto-exploring this place.
 F = Levels seen in this place.
 G = Mean time per level.
                   A        B        C        D        E       F      G
               +--------+--------+--------+--------+--------+-----+--------+
         Total |   1089 |   1062 |     27 |      0 |    860 |   3 |  363.0 |
       Dungeon |   1089 |   1062 |     27 |      0 |    860 |   3 |  363.0 |
               +--------+--------+--------+--------+--------+-----+--------+

Top non-repeatable levels by time:
     D:2: 529 daAuts
     D:1: 515 daAuts
     D:3: 43 daAuts

Table legend:
 A = Kills in this place as a percentage of kills in the entire game.
 B = Kills by you in this place as a percentage of kills by you in the entire game.
 C = Kills by friends in this place as a percentage of kills by friends in the entire game.
 D = Other kills in this place as a percentage of other kills in the entire game.
 E = Experience gained in this place as a percentage of experience gained in the entire game.
 F = Experience gained in this place divided by the number of levels of this place that you have seen.
                   A       B       C       D       E      F
               +-------+-------+-------+-------+-------+----------------------
         Total | 100.0 | 100.0 |   N/A |   N/A | 100.0 |  26.0
       Dungeon | 100.0 | 100.0 |   N/A |   N/A | 100.0 |  26.0
               +-------+-------+-------+-------+-------+----------------------
